Workbook

Sheet Summary
A1: Insurance Producer Sales Scorecard
A2: Reporting Start | B2: Reporting End | C2: Producers | D2: Activities | E2: Bound Sales | F2: Written Premium | G2: Agency Revenue | H2: Average Score
A3: =Assumptions!$B$3 | B3: =Assumptions!$B$4 | C3: =COUNTIF(Assumptions!$A$15:$A$114,"?*") | D3: =COUNTIFS('Sales Log'!$A$5:$A$154,">="&$A$3,'Sales Log'!$A$5:$A$154,"<="&$B$3,'Sales Log'!$B$5:$B$154,"?*",'Sales Log'!$D$5:$D$154,"?*") | E3: =COUNTIFS('Sales Log'!$A$5:$A$154,">="&$A$3,'Sales Log'!$A$5:$A$154,"<="&$B$3,'Sales Log'!$D$5:$D$154,"Bound Sale",'Sales Log'!$G$5:$G$154,"Bound") | F3: =IFERROR(SUMIFS('Sales Log'!$H$5:$H$154,'Sales Log'!$A$5:$A$154,">="&$A$3,'Sales Log'!$A$5:$A$154,"<="&$B$3,'Sales Log'!$D$5:$D$154,"Bound Sale",'Sales Log'!$G$5:$G$154,"Bound"),0) | G3: =IFERROR(SUMIFS('Sales Log'!$I$5:$I$154,'Sales Log'!$A$5:$A$154,">="&$A$3,'Sales Log'!$A$5:$A$154,"<="&$B$3,'Sales Log'!$D$5:$D$154,"Bound Sale",'Sales Log'!$G$5:$G$154,"Bound"),0) | H3: =IFERROR(AVERAGEIF($Q$8:$Q$107,">=0"),"")
A5: Results use only entered Sales Log rows within the reporting period and editable producer targets. A low or highlighted score is a prompt for human review, not a coverage or compliance conclusion.
A7: Producer | B7: Activity Target | C7: Activities | D7: Activity % | E7: Quote Target | F7: Quotes | G7: Quote % | H7: Sales Target | I7: Bound Sales | J7: Sales % | K7: Premium Target | L7: Written Premium | M7: Premium % | N7: Revenue Target | O7: Agency Revenue | P7: Revenue % | Q7: Overall Score
A8: =IF(Assumptions!A15="","",Assumptions!A15) | B8: =IF($A8="","",IF(Assumptions!B15="","",Assumptions!B15)) | C8: =IF($A8="","",COUNTIFS('Sales Log'!$A$5:$A$154,">="&$A$3,'Sales Log'!$A$5:$A$154,"<="&$B$3,'Sales Log'!$B$5:$B$154,$A8,'Sales Log'!$D$5:$D$154,"?*")) | D8: =IF($A8="","",IF(B8>0,IFERROR(C8/B8,0),"")) | E8: =IF($A8="","",IF(Assumptions!C15="","",Assumptions!C15)) | F8: =IF($A8="","",COUNTIFS('Sales Log'!$A$5:$A$154,">="&$A$3,'Sales Log'!$A$5:$A$154,"<="&$B$3,'Sales Log'!$B$5:$B$154,$A8,'Sales Log'!$D$5:$D$154,"Quote")) | G8: =IF($A8="","",IF(E8>0,IFERROR(F8/E8,0),"")) | H8: =IF($A8="","",IF(Assumptions!D15="","",Assumptions!D15)) | I8: =IF($A8="","",COUNTIFS('Sales Log'!$A$5:$A$154,">="&$A$3,'Sales Log'!$A$5:$A$154,"<="&$B$3,'Sales Log'!$B$5:$B$154,$A8,'Sales Log'!$D$5:$D$154,"Bound Sale",'Sales Log'!$G$5:$G$154,"Bound")) | J8: =IF($A8="","",IF(H8>0,IFERROR(I8/H8,0),"")) | K8: =IF($A8="","",IF(Assumptions!E15="","",Assumptions!E15)) | L8: =IF($A8="","",IFERROR(SUMIFS('Sales Log'!$H$5:$H$154,'Sales Log'!$A$5:$A$154,">="&$A$3,'Sales Log'!$A$5:$A$154,"<="&$B$3,'Sales Log'!$B$5:$B$154,$A8,'Sales Log'!$D$5:$D$154,"Bound Sale",'Sales Log'!$G$5:$G$154,"Bound"),0)) | M8: =IF($A8="","",IF(K8>0,IFERROR(L8/K8,0),"")) | N8: =IF($A8="","",IF(Assumptions!F15="","",Assumptions!F15)) | O8: =IF($A8="","",IFERROR(SUMIFS('Sales Log'!$I$5:$I$154,'Sales Log'!$A$5:$A$154,">="&$A$3,'Sales Log'!$A$5:$A$154,"<="&$B$3,'Sales Log'!$B$5:$B$154,$A8,'Sales Log'!$D$5:$D$154,"Bound Sale",'Sales Log'!$G$5:$G$154,"Bound"),0)) | P8: =IF($A8="","",IF(N8>0,IFERROR(O8/N8,0),"")) | Q8: =IF($A8="","",IF((IF(B8>0,1,0)+IF(E8>0,1,0)+IF(H8>0,1,0)+IF(K8>0,1,0)+IF(N8>0,1,0))=0,"",IFERROR((IF(B8>0,IF(Assumptions!$B$5>0,MIN(D8,Assumptions!$B$5),D8),0)+IF(E8>0,IF(Assumptions!$B$5>0,MIN(G8,Assumptions!$B$5),G8),0)+IF(H8>0,IF(Assumptions!$B$5>0,MIN(J8,Assumptions!$B$5),J8),0)+IF(K8>0,IF(Assumptions!$B$5>0,MIN(M8,Assumptions!$B$5),M8),0)+IF(N8>0,IF(Assumptions!$B$5>0,MIN(P8,Assumptions!$B$5),P8),0))/(IF(B8>0,1,0)+IF(E8>0,1,0)+IF(H8>0,1,0)+IF(K8>0,1,0)+IF(N8>0,1,0)),"")))
A9: =IF(Assumptions!A16="","",Assumptions!A16) | B9: =IF($A9="","",IF(Assumptions!B16="","",Assumptions!B16)) | C9: =IF($A9="","",COUNTIFS('Sales Log'!$A$5:$A$154,">="&$A$3,'Sales Log'!$A$5:$A$154,"<="&$B$3,'Sales Log'!$B$5:$B$154,$A9,'Sales Log'!$D$5:$D$154,"?*")) | D9: =IF($A9="","",IF(B9>0,IFERROR(C9/B9,0),"")) | E9: =IF($A9="","",IF(Assumptions!C16="","",Assumptions!C16)) | F9: =IF($A9="","",COUNTIFS('Sales Log'!$A$5:$A$154,">="&$A$3,'Sales Log'!$A$5:$A$154,"<="&$B$3,'Sales Log'!$B$5:$B$154,$A9,'Sales Log'!$D$5:$D$154,"Quote")) | G9: =IF($A9="","",IF(E9>0,IFERROR(F9/E9,0),"")) | H9: =IF($A9="","",IF(Assumptions!D16="","",Assumptions!D16)) | I9: =IF($A9="","",COUNTIFS('Sales Log'!$A$5:$A$154,">="&$A$3,'Sales Log'!$A$5:$A$154,"<="&$B$3,'Sales Log'!$B$5:$B$154,$A9,'Sales Log'!$D$5:$D$154,"Bound Sale",'Sales Log'!$G$5:$G$154,"Bound")) | J9: =IF($A9="","",IF(H9>0,IFERROR(I9/H9,0),"")) | K9: =IF($A9="","",IF(Assumptions!E16="","",Assumptions!E16)) | L9: =IF($A9="","",IFERROR(SUMIFS('Sales Log'!$H$5:$H$154,'Sales Log'!$A$5:$A$154,">="&$A$3,'Sales Log'!$A$5:$A$154,"<="&$B$3,'Sales Log'!$B$5:$B$154,$A9,'Sales Log'!$D$5:$D$154,"Bound Sale",'Sales Log'!$G$5:$G$154,"Bound"),0)) | M9: =IF($A9="","",IF(K9>0,IFERROR(L9/K9,0),"")) | N9: =IF($A9="","",IF(Assumptions!F16="","",Assumptions!F16)) | O9: =IF($A9="","",IFERROR(SUMIFS('Sales Log'!$I$5:$I$154,'Sales Log'!$A$5:$A$154,">="&$A$3,'Sales Log'!$A$5:$A$154,"<="&$B$3,'Sales Log'!$B$5:$B$154,$A9,'Sales Log'!$D$5:$D$154,"Bound Sale",'Sales Log'!$G$5:$G$154,"Bound"),0)) | P9: =IF($A9="","",IF(N9>0,IFERROR(O9/N9,0),"")) | Q9: =IF($A9="","",IF((IF(B9>0,1,0)+IF(E9>0,1,0)+IF(H9>0,1,0)+IF(K9>0,1,0)+IF(N9>0,1,0))=0,"",IFERROR((IF(B9>0,IF(Assumptions!$B$5>0,MIN(D9,Assumptions!$B$5),D9),0)+IF(E9>0,IF(Assumptions!$B$5>0,MIN(G9,Assumptions!$B$5),G9),0)+IF(H9>0,IF(Assumptions!$B$5>0,MIN(J9,Assumptions!$B$5),J9),0)+IF(K9>0,IF(Assumptions!$B$5>0,MIN(M9,Assumptions!$B$5),M9),0)+IF(N9>0,IF(Assumptions!$B$5>0,MIN(P9,Assumptions!$B$5),P9),0))/(IF(B9>0,1,0)+IF(E9>0,1,0)+IF(H9>0,1,0)+IF(K9>0,1,0)+IF(N9>0,1,0)),"")))
A10: =IF(Assumptions!A17="","",Assumptions!A17) | B10: =IF($A10="","",IF(Assumptions!B17="","",Assumptions!B17)) | C10: =IF($A10="","",COUNTIFS('Sales Log'!$A$5:$A$154,">="&$A$3,'Sales Log'!$A$5:$A$154,"<="&$B$3,'Sales Log'!$B$5:$B$154,$A10,'Sales Log'!$D$5:$D$154,"?*")) | D10: =IF($A10="","",IF(B10>0,IFERROR(C10/B10,0),"")) | E10: =IF($A10="","",IF(Assumptions!C17="","",Assumptions!C17)) | F10: =IF($A10="","",COUNTIFS('Sales Log'!$A$5:$A$154,">="&$A$3,'Sales Log'!$A$5:$A$154,"<="&$B$3,'Sales Log'!$B$5:$B$154,$A10,'Sales Log'!$D$5:$D$154,"Quote")) | G10: =IF($A10="","",IF(E10>0,IFERROR(F10/E10,0),"")) | H10: =IF($A10="","",IF(Assumptions!D17="","",Assumptions!D17)) | I10: =IF($A10="","",COUNTIFS('Sales Log'!$A$5:$A$154,">="&$A$3,'Sales Log'!$A$5:$A$154,"<="&$B$3,'Sales Log'!$B$5:$B$154,$A10,'Sales Log'!$D$5:$D$154,"Bound Sale",'Sales Log'!$G$5:$G$154,"Bound")) | J10: =IF($A10="","",IF(H10>0,IFERROR(I10/H10,0),"")) | K10: =IF($A10="","",IF(Assumptions!E17="","",Assumptions!E17)) | L10: =IF($A10="","",IFERROR(SUMIFS('Sales Log'!$H$5:$H$154,'Sales Log'!$A$5:$A$154,">="&$A$3,'Sales Log'!$A$5:$A$154,"<="&$B$3,'Sales Log'!$B$5:$B$154,$A10,'Sales Log'!$D$5:$D$154,"Bound Sale",'Sales Log'!$G$5:$G$154,"Bound"),0)) | M10: =IF($A10="","",IF(K10>0,IFERROR(L10/K10,0),"")) | N10: =IF($A10="","",IF(Assumptions!F17="","",Assumptions!F17)) | O10: =IF($A10="","",IFERROR(SUMIFS('Sales Log'!$I$5:$I$154,'Sales Log'!$A$5:$A$154,">="&$A$3,'Sales Log'!$A$5:$A$154,"<="&$B$3,'Sales Log'!$B$5:$B$154,$A10,'Sales Log'!$D$5:$D$154,"Bound Sale",'Sales Log'!$G$5:$G$154,"Bound"),0)) | P10: =IF($A10="","",IF(N10>0,IFERROR(O10/N10,0),"")) | Q10: =IF($A10="","",IF((IF(B10>0,1,0)+IF(E10>0,1,0)+IF(H10>0,1,0)+IF(K10>0,1,0)+IF(N10>0,1,0))=0,"",IFERROR((IF(B10>0,IF(Assumptions!$B$5>0,MIN(D10,Assumptions!$B$5),D10),0)+IF(E10>0,IF(Assumptions!$B$5>0,MIN(G10,Assumptions!$B$5),G10),0)+IF(H10>0,IF(Assumptions!$B$5>0,MIN(J10,Assumptions!$B$5),J10),0)+IF(K10>0,IF(Assumptions!$B$5>0,MIN(M10,Assumptions!$B$5),M10),0)+IF(N10>0,IF(Assumptions!$B$5>0,MIN(P10,Assumptions!$B$5),P10),0))/(IF(B10>0,1,0)+IF(E10>0,1,0)+IF(H10>0,1,0)+IF(K10>0,1,0)+IF(N10>0,1,0)),"")))
A11: =IF(Assumptions!A18="","",Assumptions!A18) | B11: =IF($A11="","",IF(Assumptions!B18="","",Assumptions!B18)) | C11: =IF($A11="","",COUNTIFS('Sales Log'!$A$5:$A$154,">="&$A$3,'Sales Log'!$A$5:$A$154,"<="&$B$3,'Sales Log'!$B$5:$B$154,$A11,'Sales Log'!$D$5:$D$154,"?*")) | D11: =IF($A11="","",IF(B11>0,IFERROR(C11/B11,0),"")) | E11: =IF($A11="","",IF(Assumptions!C18="","",Assumptions!C18)) | F11: =IF($A11="","",COUNTIFS('Sales Log'!$A$5:$A$154,">="&$A$3,'Sales Log'!$A$5:$A$154,"<="&$B$3,'Sales Log'!$B$5:$B$154,$A11,'Sales Log'!$D$5:$D$154,"Quote")) | G11: =IF($A11="","",IF(E11>0,IFERROR(F11/E11,0),"")) | H11: =IF($A11="","",IF(Assumptions!D18="","",Assumptions!D18)) | I11: =IF($A11="","",COUNTIFS('Sales Log'!$A$5:$A$154,">="&$A$3,'Sales Log'!$A$5:$A$154,"<="&$B$3,'Sales Log'!$B$5:$B$154,$A11,'Sales Log'!$D$5:$D$154,"Bound Sale",'Sales Log'!$G$5:$G$154,"Bound")) | J11: =IF($A11="","",IF(H11>0,IFERROR(I11/H11,0),"")) | K11: =IF($A11="","",IF(Assumptions!E18="","",Assumptions!E18)) | L11: =IF($A11="","",IFERROR(SUMIFS('Sales Log'!$H$5:$H$154,'Sales Log'!$A$5:$A$154,">="&$A$3,'Sales Log'!$A$5:$A$154,"<="&$B$3,'Sales Log'!$B$5:$B$154,$A11,'Sales Log'!$D$5:$D$154,"Bound Sale",'Sales Log'!$G$5:$G$154,"Bound"),0)) | M11: =IF($A11="","",IF(K11>0,IFERROR(L11/K11,0),"")) | N11: =IF($A11="","",IF(Assumptions!F18="","",Assumptions!F18)) | O11: =IF($A11="","",IFERROR(SUMIFS('Sales Log'!$I$5:$I$154,'Sales Log'!$A$5:$A$154,">="&$A$3,'Sales Log'!$A$5:$A$154,"<="&$B$3,'Sales Log'!$B$5:$B$154,$A11,'Sales Log'!$D$5:$D$154,"Bound Sale",'Sales Log'!$G$5:$G$154,"Bound"),0)) | P11: =IF($A11="","",IF(N11>0,IFERROR(O11/N11,0),"")) | Q11: =IF($A11="","",IF((IF(B11>0,1,0)+IF(E11>0,1,0)+IF(H11>0,1,0)+IF(K11>0,1,0)+IF(N11>0,1,0))=0,"",IFERROR((IF(B11>0,IF(Assumptions!$B$5>0,MIN(D11,Assumptions!$B$5),D11),0)+IF(E11>0,IF(Assumptions!$B$5>0,MIN(G11,Assumptions!$B$5),G11),0)+IF(H11>0,IF(Assumptions!$B$5>0,MIN(J11,Assumptions!$B$5),J11),0)+IF(K11>0,IF(Assumptions!$B$5>0,MIN(M11,Assumptions!$B$5),M11),0)+IF(N11>0,IF(Assumptions!$B$5>0,MIN(P11,Assumptions!$B$5),P11),0))/(IF(B11>0,1,0)+IF(E11>0,1,0)+IF(H11>0,1,0)+IF(K11>0,1,0)+IF(N11>0,1,0)),"")))
A12: =IF(Assumptions!A19="","",Assumptions!A19) | B12: =IF($A12="","",IF(Assumptions!B19="","",Assumptions!B19)) | C12: =IF($A12="","",COUNTIFS('Sales Log'!$A$5:$A$154,">="&$A$3,'Sales Log'!$A$5:$A$154,"<="&$B$3,'Sales Log'!$B$5:$B$154,$A12,'Sales Log'!$D$5:$D$154,"?*")) | D12: =IF($A12="","",IF(B12>0,IFERROR(C12/B12,0),"")) | E12: =IF($A12="","",IF(Assumptions!C19="","",Assumptions!C19)) | F12: =IF($A12="","",COUNTIFS('Sales Log'!$A$5:$A$154,">="&$A$3,'Sales Log'!$A$5:$A$154,"<="&$B$3,'Sales Log'!$B$5:$B$154,$A12,'Sales Log'!$D$5:$D$154,"Quote")) | G12: =IF($A12="","",IF(E12>0,IFERROR(F12/E12,0),"")) | H12: =IF($A12="","",IF(Assumptions!D19="","",Assumptions!D19)) | I12: =IF($A12="","",COUNTIFS('Sales Log'!$A$5:$A$154,">="&$A$3,'Sales Log'!$A$5:$A$154,"<="&$B$3,'Sales Log'!$B$5:$B$154,$A12,'Sales Log'!$D$5:$D$154,"Bound Sale",'Sales Log'!$G$5:$G$154,"Bound")) | J12: =IF($A12="","",IF(H12>0,IFERROR(I12/H12,0),"")) | K12: =IF($A12="","",IF(Assumptions!E19="","",Assumptions!E19)) | L12: =IF($A12="","",IFERROR(SUMIFS('Sales Log'!$H$5:$H$154,'Sales Log'!$A$5:$A$154,">="&$A$3,'Sales Log'!$A$5:$A$154,"<="&$B$3,'Sales Log'!$B$5:$B$154,$A12,'Sales Log'!$D$5:$D$154,"Bound Sale",'Sales Log'!$G$5:$G$154,"Bound"),0)) | M12: =IF($A12="","",IF(K12>0,IFERROR(L12/K12,0),"")) | N12: =IF($A12="","",IF(Assumptions!F19="","",Assumptions!F19)) | O12: =IF($A12="","",IFERROR(SUMIFS('Sales Log'!$I$5:$I$154,'Sales Log'!$A$5:$A$154,">="&$A$3,'Sales Log'!$A$5:$A$154,"<="&$B$3,'Sales Log'!$B$5:$B$154,$A12,'Sales Log'!$D$5:$D$154,"Bound Sale",'Sales Log'!$G$5:$G$154,"Bound"),0)) | P12: =IF($A12="","",IF(N12>0,IFERROR(O12/N12,0),"")) | Q12: =IF($A12="","",IF((IF(B12>0,1,0)+IF(E12>0,1,0)+IF(H12>0,1,0)+IF(K12>0,1,0)+IF(N12>0,1,0))=0,"",IFERROR((IF(B12>0,IF(Assumptions!$B$5>0,MIN(D12,Assumptions!$B$5),D12),0)+IF(E12>0,IF(Assumptions!$B$5>0,MIN(G12,Assumptions!$B$5),G12),0)+IF(H12>0,IF(Assumptions!$B$5>0,MIN(J12,Assumptions!$B$5),J12),0)+IF(K12>0,IF(Assumptions!$B$5>0,MIN(M12,Assumptions!$B$5),M12),0)+IF(N12>0,IF(Assumptions!$B$5>0,MIN(P12,Assumptions!$B$5),P12),0))/(IF(B12>0,1,0)+IF(E12>0,1,0)+IF(H12>0,1,0)+IF(K12>0,1,0)+IF(N12>0,1,0)),"")))
A13: =IF(Assumptions!A20="","",Assumptions!A20) | B13: =IF($A13="","",IF(Assumptions!B20="","",Assumptions!B20)) | C13: =IF($A13="","",COUNTIFS('Sales Log'!$A$5:$A$154,">="&$A$3,'Sales Log'!$A$5:$A$154,"<="&$B$3,'Sales Log'!$B$5:$B$154,$A13,'Sales Log'!$D$5:$D$154,"?*")) | D13: =IF($A13="","",IF(B13>0,IFERROR(C13/B13,0),"")) | E13: =IF($A13="","",IF(Assumptions!C20="","",Assumptions!C20)) | F13: =IF($A13="","",COUNTIFS('Sales Log'!$A$5:$A$154,">="&$A$3,'Sales Log'!$A$5:$A$154,"<="&$B$3,'Sales Log'!$B$5:$B$154,$A13,'Sales Log'!$D$5:$D$154,"Quote")) | G13: =IF($A13="","",IF(E13>0,IFERROR(F13/E13,0),"")) | H13: =IF($A13="","",IF(Assumptions!D20="","",Assumptions!D20)) | I13: =IF($A13="","",COUNTIFS('Sales Log'!$A$5:$A$154,">="&$A$3,'Sales Log'!$A$5:$A$154,"<="&$B$3,'Sales Log'!$B$5:$B$154,$A13,'Sales Log'!$D$5:$D$154,"Bound Sale",'Sales Log'!$G$5:$G$154,"Bound")) | J13: =IF($A13="","",IF(H13>0,IFERROR(I13/H13,0),"")) | K13: =IF($A13="","",IF(Assumptions!E20="","",Assumptions!E20)) | L13: =IF($A13="","",IFERROR(SUMIFS('Sales Log'!$H$5:$H$154,'Sales Log'!$A$5:$A$154,">="&$A$3,'Sales Log'!$A$5:$A$154,"<="&$B$3,'Sales Log'!$B$5:$B$154,$A13,'Sales Log'!$D$5:$D$154,"Bound Sale",'Sales Log'!$G$5:$G$154,"Bound"),0)) | M13: =IF($A13="","",IF(K13>0,IFERROR(L13/K13,0),"")) | N13: =IF($A13="","",IF(Assumptions!F20="","",Assumptions!F20)) | O13: =IF($A13="","",IFERROR(SUMIFS('Sales Log'!$I$5:$I$154,'Sales Log'!$A$5:$A$154,">="&$A$3,'Sales Log'!$A$5:$A$154,"<="&$B$3,'Sales Log'!$B$5:$B$154,$A13,'Sales Log'!$D$5:$D$154,"Bound Sale",'Sales Log'!$G$5:$G$154,"Bound"),0)) | P13: =IF($A13="","",IF(N13>0,IFERROR(O13/N13,0),"")) | Q13: =IF($A13="","",IF((IF(B13>0,1,0)+IF(E13>0,1,0)+IF(H13>0,1,0)+IF(K13>0,1,0)+IF(N13>0,1,0))=0,"",IFERROR((IF(B13>0,IF(Assumptions!$B$5>0,MIN(D13,Assumptions!$B$5),D13),0)+IF(E13>0,IF(Assumptions!$B$5>0,MIN(G13,Assumptions!$B$5),G13),0)+IF(H13>0,IF(Assumptions!$B$5>0,MIN(J13,Assumptions!$B$5),J13),0)+IF(K13>0,IF(Assumptions!$B$5>0,MIN(M13,Assumptions!$B$5),M13),0)+IF(N13>0,IF(Assumptions!$B$5>0,MIN(P13,Assumptions!$B$5),P13),0))/(IF(B13>0,1,0)+IF(E13>0,1,0)+IF(H13>0,1,0)+IF(K13>0,1,0)+IF(N13>0,1,0)),"")))
A14: =IF(Assumptions!A21="","",Assumptions!A21) | B14: =IF($A14="","",IF(Assumptions!B21="","",Assumptions!B21)) | C14: =IF($A14="","",COUNTIFS('Sales Log'!$A$5:$A$154,">="&$A$3,'Sales Log'!$A$5:$A$154,"<="&$B$3,'Sales Log'!$B$5:$B$154,$A14,'Sales Log'!$D$5:$D$154,"?*")) | D14: =IF($A14="","",IF(B14>0,IFERROR(C14/B14,0),"")) | E14: =IF($A14="","",IF(Assumptions!C21="","",Assumptions!C21)) | F14: =IF($A14="","",COUNTIFS('Sales Log'!$A$5:$A$154,">="&$A$3,'Sales Log'!$A$5:$A$154,"<="&$B$3,'Sales Log'!$B$5:$B$154,$A14,'Sales Log'!$D$5:$D$154,"Quote")) | G14: =IF($A14="","",IF(E14>0,IFERROR(F14/E14,0),"")) | H14: =IF($A14="","",IF(Assumptions!D21="","",Assumptions!D21)) | I14: =IF($A14="","",COUNTIFS('Sales Log'!$A$5:$A$154,">="&$A$3,'Sales Log'!$A$5:$A$154,"<="&$B$3,'Sales Log'!$B$5:$B$154,$A14,'Sales Log'!$D$5:$D$154,"Bound Sale",'Sales Log'!$G$5:$G$154,"Bound")) | J14: =IF($A14="","",IF(H14>0,IFERROR(I14/H14,0),"")) | K14: =IF($A14="","",IF(Assumptions!E21="","",Assumptions!E21)) | L14: =IF($A14="","",IFERROR(SUMIFS('Sales Log'!$H$5:$H$154,'Sales Log'!$A$5:$A$154,">="&$A$3,'Sales Log'!$A$5:$A$154,"<="&$B$3,'Sales Log'!$B$5:$B$154,$A14,'Sales Log'!$D$5:$D$154,"Bound Sale",'Sales Log'!$G$5:$G$154,"Bound"),0)) | M14: =IF($A14="","",IF(K14>0,IFERROR(L14/K14,0),"")) | N14: =IF($A14="","",IF(Assumptions!F21="","",Assumptions!F21)) | O14: =IF($A14="","",IFERROR(SUMIFS('Sales Log'!$I$5:$I$154,'Sales Log'!$A$5:$A$154,">="&$A$3,'Sales Log'!$A$5:$A$154,"<="&$B$3,'Sales Log'!$B$5:$B$154,$A14,'Sales Log'!$D$5:$D$154,"Bound Sale",'Sales Log'!$G$5:$G$154,"Bound"),0)) | P14: =IF($A14="","",IF(N14>0,IFERROR(O14/N14,0),"")) | Q14: =IF($A14="","",IF((IF(B14>0,1,0)+IF(E14>0,1,0)+IF(H14>0,1,0)+IF(K14>0,1,0)+IF(N14>0,1,0))=0,"",IFERROR((IF(B14>0,IF(Assumptions!$B$5>0,MIN(D14,Assumptions!$B$5),D14),0)+IF(E14>0,IF(Assumptions!$B$5>0,MIN(G14,Assumptions!$B$5),G14),0)+IF(H14>0,IF(Assumptions!$B$5>0,MIN(J14,Assumptions!$B$5),J14),0)+IF(K14>0,IF(Assumptions!$B$5>0,MIN(M14,Assumptions!$B$5),M14),0)+IF(N14>0,IF(Assumptions!$B$5>0,MIN(P14,Assumptions!$B$5),P14),0))/(IF(B14>0,1,0)+IF(E14>0,1,0)+IF(H14>0,1,0)+IF(K14>0,1,0)+IF(N14>0,1,0)),"")))
A15: =IF(Assumptions!A22="","",Assumptions!A22) | B15: =IF($A15="","",IF(Assumptions!B22="","",Assumptions!B22)) | C15: =IF($A15="","",COUNTIFS('Sales Log'!$A$5:$A$154,">="&$A$3,'Sales Log'!$A$5:$A$154,"<="&$B$3,'Sales Log'!$B$5:$B$154,$A15,'Sales Log'!$D$5:$D$154,"?*")) | D15: =IF($A15="","",IF(B15>0,IFERROR(C15/B15,0),"")) | E15: =IF($A15="","",IF(Assumptions!C22="","",Assumptions!C22)) | F15: =IF($A15="","",COUNTIFS('Sales Log'!$A$5:$A$154,">="&$A$3,'Sales Log'!$A$5:$A$154,"<="&$B$3,'Sales Log'!$B$5:$B$154,$A15,'Sales Log'!$D$5:$D$154,"Quote")) | G15: =IF($A15="","",IF(E15>0,IFERROR(F15/E15,0),"")) | H15: =IF($A15="","",IF(Assumptions!D22="","",Assumptions!D22)) | I15: =IF($A15="","",COUNTIFS('Sales Log'!$A$5:$A$154,">="&$A$3,'Sales Log'!$A$5:$A$154,"<="&$B$3,'Sales Log'!$B$5:$B$154,$A15,'Sales Log'!$D$5:$D$154,"Bound Sale",'Sales Log'!$G$5:$G$154,"Bound")) | J15: =IF($A15="","",IF(H15>0,IFERROR(I15/H15,0),"")) | K15: =IF($A15="","",IF(Assumptions!E22="","",Assumptions!E22)) | L15: =IF($A15="","",IFERROR(SUMIFS('Sales Log'!$H$5:$H$154,'Sales Log'!$A$5:$A$154,">="&$A$3,'Sales Log'!$A$5:$A$154,"<="&$B$3,'Sales Log'!$B$5:$B$154,$A15,'Sales Log'!$D$5:$D$154,"Bound Sale",'Sales Log'!$G$5:$G$154,"Bound"),0)) | M15: =IF($A15="","",IF(K15>0,IFERROR(L15/K15,0),"")) | N15: =IF($A15="","",IF(Assumptions!F22="","",Assumptions!F22)) | O15: =IF($A15="","",IFERROR(SUMIFS('Sales Log'!$I$5:$I$154,'Sales Log'!$A$5:$A$154,">="&$A$3,'Sales Log'!$A$5:$A$154,"<="&$B$3,'Sales Log'!$B$5:$B$154,$A15,'Sales Log'!$D$5:$D$154,"Bound Sale",'Sales Log'!$G$5:$G$154,"Bound"),0)) | P15: =IF($A15="","",IF(N15>0,IFERROR(O15/N15,0),"")) | Q15: =IF($A15="","",IF((IF(B15>0,1,0)+IF(E15>0,1,0)+IF(H15>0,1,0)+IF(K15>0,1,0)+IF(N15>0,1,0))=0,"",IFERROR((IF(B15>0,IF(Assumptions!$B$5>0,MIN(D15,Assumptions!$B$5),D15),0)+IF(E15>0,IF(Assumptions!$B$5>0,MIN(G15,Assumptions!$B$5),G15),0)+IF(H15>0,IF(Assumptions!$B$5>0,MIN(J15,Assumptions!$B$5),J15),0)+IF(K15>0,IF(Assumptions!$B$5>0,MIN(M15,Assumptions!$B$5),M15),0)+IF(N15>0,IF(Assumptions!$B$5>0,MIN(P15,Assumptions!$B$5),P15),0))/(IF(B15>0,1,0)+IF(E15>0,1,0)+IF(H15>0,1,0)+IF(K15>0,1,0)+IF(N15>0,1,0)),"")))
A16: =IF(Assumptions!A23="","",Assumptions!A23) | B16: =IF($A16="","",IF(Assumptions!B23="","",Assumptions!B23)) | C16: =IF($A16="","",COUNTIFS('Sales Log'!$A$5:$A$154,">="&$A$3,'Sales Log'!$A$5:$A$154,"<="&$B$3,'Sales Log'!$B$5:$B$154,$A16,'Sales Log'!$D$5:$D$154,"?*")) | D16: =IF($A16="","",IF(B16>0,IFERROR(C16/B16,0),"")) | E16: =IF($A16="","",IF(Assumptions!C23="","",Assumptions!C23)) | F16: =IF($A16="","",COUNTIFS('Sales Log'!$A$5:$A$154,">="&$A$3,'Sales Log'!$A$5:$A$154,"<="&$B$3,'Sales Log'!$B$5:$B$154,$A16,'Sales Log'!$D$5:$D$154,"Quote")) | G16: =IF($A16="","",IF(E16>0,IFERROR(F16/E16,0),"")) | H16: =IF($A16="","",IF(Assumptions!D23="","",Assumptions!D23)) | I16: =IF($A16="","",COUNTIFS('Sales Log'!$A$5:$A$154,">="&$A$3,'Sales Log'!$A$5:$A$154,"<="&$B$3,'Sales Log'!$B$5:$B$154,$A16,'Sales Log'!$D$5:$D$154,"Bound Sale",'Sales Log'!$G$5:$G$154,"Bound")) | J16: =IF($A16="","",IF(H16>0,IFERROR(I16/H16,0),"")) | K16: =IF($A16="","",IF(Assumptions!E23="","",Assumptions!E23)) | L16: =IF($A16="","",IFERROR(SUMIFS('Sales Log'!$H$5:$H$154,'Sales Log'!$A$5:$A$154,">="&$A$3,'Sales Log'!$A$5:$A$154,"<="&$B$3,'Sales Log'!$B$5:$B$154,$A16,'Sales Log'!$D$5:$D$154,"Bound Sale",'Sales Log'!$G$5:$G$154,"Bound"),0)) | M16: =IF($A16="","",IF(K16>0,IFERROR(L16/K16,0),"")) | N16: =IF($A16="","",IF(Assumptions!F23="","",Assumptions!F23)) | O16: =IF($A16="","",IFERROR(SUMIFS('Sales Log'!$I$5:$I$154,'Sales Log'!$A$5:$A$154,">="&$A$3,'Sales Log'!$A$5:$A$154,"<="&$B$3,'Sales Log'!$B$5:$B$154,$A16,'Sales Log'!$D$5:$D$154,"Bound Sale",'Sales Log'!$G$5:$G$154,"Bound"),0)) | P16: =IF($A16="","",IF(N16>0,IFERROR(O16/N16,0),"")) | Q16: =IF($A16="","",IF((IF(B16>0,1,0)+IF(E16>0,1,0)+IF(H16>0,1,0)+IF(K16>0,1,0)+IF(N16>0,1,0))=0,"",IFERROR((IF(B16>0,IF(Assumptions!$B$5>0,MIN(D16,Assumptions!$B$5),D16),0)+IF(E16>0,IF(Assumptions!$B$5>0,MIN(G16,Assumptions!$B$5),G16),0)+IF(H16>0,IF(Assumptions!$B$5>0,MIN(J16,Assumptions!$B$5),J16),0)+IF(K16>0,IF(Assumptions!$B$5>0,MIN(M16,Assumptions!$B$5),M16),0)+IF(N16>0,IF(Assumptions!$B$5>0,MIN(P16,Assumptions!$B$5),P16),0))/(IF(B16>0,1,0)+IF(E16>0,1,0)+IF(H16>0,1,0)+IF(K16>0,1,0)+IF(N16>0,1,0)),"")))
A17: =IF(Assumptions!A24="","",Assumptions!A24) | B17: =IF($A17="","",IF(Assumptions!B24="","",Assumptions!B24)) | C17: =IF($A17="","",COUNTIFS('Sales Log'!$A$5:$A$154,">="&$A$3,'Sales Log'!$A$5:$A$154,"<="&$B$3,'Sales Log'!$B$5:$B$154,$A17,'Sales Log'!$D$5:$D$154,"?*")) | D17: =IF($A17="","",IF(B17>0,IFERROR(C17/B17,0),"")) | E17: =IF($A17="","",IF(Assumptions!C24="","",Assumptions!C24)) | F17: =IF($A17="","",COUNTIFS('Sales Log'!$A$5:$A$154,">="&$A$3,'Sales Log'!$A$5:$A$154,"<="&$B$3,'Sales Log'!$B$5:$B$154,$A17,'Sales Log'!$D$5:$D$154,"Quote")) | G17: =IF($A17="","",IF(E17>0,IFERROR(F17/E17,0),"")) | H17: =IF($A17="","",IF(Assumptions!D24="","",Assumptions!D24)) | I17: =IF($A17="","",COUNTIFS('Sales Log'!$A$5:$A$154,">="&$A$3,'Sales Log'!$A$5:$A$154,"<="&$B$3,'Sales Log'!$B$5:$B$154,$A17,'Sales Log'!$D$5:$D$154,"Bound Sale",'Sales Log'!$G$5:$G$154,"Bound")) | J17: =IF($A17="","",IF(H17>0,IFERROR(I17/H17,0),"")) | K17: =IF($A17="","",IF(Assumptions!E24="","",Assumptions!E24)) | L17: =IF($A17="","",IFERROR(SUMIFS('Sales Log'!$H$5:$H$154,'Sales Log'!$A$5:$A$154,">="&$A$3,'Sales Log'!$A$5:$A$154,"<="&$B$3,'Sales Log'!$B$5:$B$154,$A17,'Sales Log'!$D$5:$D$154,"Bound Sale",'Sales Log'!$G$5:$G$154,"Bound"),0)) | M17: =IF($A17="","",IF(K17>0,IFERROR(L17/K17,0),"")) | N17: =IF($A17="","",IF(Assumptions!F24="","",Assumptions!F24)) | O17: =IF($A17="","",IFERROR(SUMIFS('Sales Log'!$I$5:$I$154,'Sales Log'!$A$5:$A$154,">="&$A$3,'Sales Log'!$A$5:$A$154,"<="&$B$3,'Sales Log'!$B$5:$B$154,$A17,'Sales Log'!$D$5:$D$154,"Bound Sale",'Sales Log'!$G$5:$G$154,"Bound"),0)) | P17: =IF($A17="","",IF(N17>0,IFERROR(O17/N17,0),"")) | Q17: =IF($A17="","",IF((IF(B17>0,1,0)+IF(E17>0,1,0)+IF(H17>0,1,0)+IF(K17>0,1,0)+IF(N17>0,1,0))=0,"",IFERROR((IF(B17>0,IF(Assumptions!$B$5>0,MIN(D17,Assumptions!$B$5),D17),0)+IF(E17>0,IF(Assumptions!$B$5>0,MIN(G17,Assumptions!$B$5),G17),0)+IF(H17>0,IF(Assumptions!$B$5>0,MIN(J17,Assumptions!$B$5),J17),0)+IF(K17>0,IF(Assumptions!$B$5>0,MIN(M17,Assumptions!$B$5),M17),0)+IF(N17>0,IF(Assumptions!$B$5>0,MIN(P17,Assumptions!$B$5),P17),0))/(IF(B17>0,1,0)+IF(E17>0,1,0)+IF(H17>0,1,0)+IF(K17>0,1,0)+IF(N17>0,1,0)),"")))
A18: =IF(Assumptions!A25="","",Assumptions!A25) | B18: =IF($A18="","",IF(Assumptions!B25="","",Assumptions!B25)) | C18: =IF($A18="","",COUNTIFS('Sales Log'!$A$5:$A$154,">="&$A$3,'Sales Log'!$A$5:$A$154,"<="&$B$3,'Sales Log'!$B$5:$B$154,$A18,'Sales Log'!$D$5:$D$154,"?*")) | D18: =IF($A18="","",IF(B18>0,IFERROR(C18/B18,0),"")) | E18: =IF($A18="","",IF(Assumptions!C25="","",Assumptions!C25)) | F18: =IF($A18="","",COUNTIFS('Sales Log'!$A$5:$A$154,">="&$A$3,'Sales Log'!$A$5:$A$154,"<="&$B$3,'Sales Log'!$B$5:$B$154,$A18,'Sales Log'!$D$5:$D$154,"Quote")) | G18: =IF($A18="","",IF(E18>0,IFERROR(F18/E18,0),"")) | H18: =IF($A18="","",IF(Assumptions!D25="","",Assumptions!D25)) | I18: =IF($A18="","",COUNTIFS('Sales Log'!$A$5:$A$154,">="&$A$3,'Sales Log'!$A$5:$A$154,"<="&$B$3,'Sales Log'!$B$5:$B$154,$A18,'Sales Log'!$D$5:$D$154,"Bound Sale",'Sales Log'!$G$5:$G$154,"Bound")) | J18: =IF($A18="","",IF(H18>0,IFERROR(I18/H18,0),"")) | K18: =IF($A18="","",IF(Assumptions!E25="","",Assumptions!E25)) | L18: =IF($A18="","",IFERROR(SUMIFS('Sales Log'!$H$5:$H$154,'Sales Log'!$A$5:$A$154,">="&$A$3,'Sales Log'!$A$5:$A$154,"<="&$B$3,'Sales Log'!$B$5:$B$154,$A18,'Sales Log'!$D$5:$D$154,"Bound Sale",'Sales Log'!$G$5:$G$154,"Bound"),0)) | M18: =IF($A18="","",IF(K18>0,IFERROR(L18/K18,0),"")) | N18: =IF($A18="","",IF(Assumptions!F25="","",Assumptions!F25)) | O18: =IF($A18="","",IFERROR(SUMIFS('Sales Log'!$I$5:$I$154,'Sales Log'!$A$5:$A$154,">="&$A$3,'Sales Log'!$A$5:$A$154,"<="&$B$3,'Sales Log'!$B$5:$B$154,$A18,'Sales Log'!$D$5:$D$154,"Bound Sale",'Sales Log'!$G$5:$G$154,"Bound"),0)) | P18: =IF($A18="","",IF(N18>0,IFERROR(O18/N18,0),"")) | Q18: =IF($A18="","",IF((IF(B18>0,1,0)+IF(E18>0,1,0)+IF(H18>0,1,0)+IF(K18>0,1,0)+IF(N18>0,1,0))=0,"",IFERROR((IF(B18>0,IF(Assumptions!$B$5>0,MIN(D18,Assumptions!$B$5),D18),0)+IF(E18>0,IF(Assumptions!$B$5>0,MIN(G18,Assumptions!$B$5),G18),0)+IF(H18>0,IF(Assumptions!$B$5>0,MIN(J18,Assumptions!$B$5),J18),0)+IF(K18>0,IF(Assumptions!$B$5>0,MIN(M18,Assumptions!$B$5),M18),0)+IF(N18>0,IF(Assumptions!$B$5>0,MIN(P18,Assumptions!$B$5),P18),0))/(IF(B18>0,1,0)+IF(E18>0,1,0)+IF(H18>0,1,0)+IF(K18>0,1,0)+IF(N18>0,1,0)),"")))
A19: =IF(Assumptions!A26="","",Assumptions!A26) | B19: =IF($A19="","",IF(Assumptions!B26="","",Assumptions!B26)) | C19: =IF($A19="","",COUNTIFS('Sales Log'!$A$5:$A$154,">="&$A$3,'Sales Log'!$A$5:$A$154,"<="&$B$3,'Sales Log'!$B$5:$B$154,$A19,'Sales Log'!$D$5:$D$154,"?*")) | D19: =IF($A19="","",IF(B19>0,IFERROR(C19/B19,0),"")) | E19: =IF($A19="","",IF(Assumptions!C26="","",Assumptions!C26)) | F19: =IF($A19="","",COUNTIFS('Sales Log'!$A$5:$A$154,">="&$A$3,'Sales Log'!$A$5:$A$154,"<="&$B$3,'Sales Log'!$B$5:$B$154,$A19,'Sales Log'!$D$5:$D$154,"Quote")) | G19: =IF($A19="","",IF(E19>0,IFERROR(F19/E19,0),"")) | H19: =IF($A19="","",IF(Assumptions!D26="","",Assumptions!D26)) | I19: =IF($A19="","",COUNTIFS('Sales Log'!$A$5:$A$154,">="&$A$3,'Sales Log'!$A$5:$A$154,"<="&$B$3,'Sales Log'!$B$5:$B$154,$A19,'Sales Log'!$D$5:$D$154,"Bound Sale",'Sales Log'!$G$5:$G$154,"Bound")) | J19: =IF($A19="","",IF(H19>0,IFERROR(I19/H19,0),"")) | K19: =IF($A19="","",IF(Assumptions!E26="","",Assumptions!E26)) | L19: =IF($A19="","",IFERROR(SUMIFS('Sales Log'!$H$5:$H$154,'Sales Log'!$A$5:$A$154,">="&$A$3,'Sales Log'!$A$5:$A$154,"<="&$B$3,'Sales Log'!$B$5:$B$154,$A19,'Sales Log'!$D$5:$D$154,"Bound Sale",'Sales Log'!$G$5:$G$154,"Bound"),0)) | M19: =IF($A19="","",IF(K19>0,IFERROR(L19/K19,0),"")) | N19: =IF($A19="","",IF(Assumptions!F26="","",Assumptions!F26)) | O19: =IF($A19="","",IFERROR(SUMIFS('Sales Log'!$I$5:$I$154,'Sales Log'!$A$5:$A$154,">="&$A$3,'Sales Log'!$A$5:$A$154,"<="&$B$3,'Sales Log'!$B$5:$B$154,$A19,'Sales Log'!$D$5:$D$154,"Bound Sale",'Sales Log'!$G$5:$G$154,"Bound"),0)) | P19: =IF($A19="","",IF(N19>0,IFERROR(O19/N19,0),"")) | Q19: =IF($A19="","",IF((IF(B19>0,1,0)+IF(E19>0,1,0)+IF(H19>0,1,0)+IF(K19>0,1,0)+IF(N19>0,1,0))=0,"",IFERROR((IF(B19>0,IF(Assumptions!$B$5>0,MIN(D19,Assumptions!$B$5),D19),0)+IF(E19>0,IF(Assumptions!$B$5>0,MIN(G19,Assumptions!$B$5),G19),0)+IF(H19>0,IF(Assumptions!$B$5>0,MIN(J19,Assumptions!$B$5),J19),0)+IF(K19>0,IF(Assumptions!$B$5>0,MIN(M19,Assumptions!$B$5),M19),0)+IF(N19>0,IF(Assumptions!$B$5>0,MIN(P19,Assumptions!$B$5),P19),0))/(IF(B19>0,1,0)+IF(E19>0,1,0)+IF(H19>0,1,0)+IF(K19>0,1,0)+IF(N19>0,1,0)),"")))
... A107: =IF(Assumptions!A114="","",Assumptions!A114) | B107: =IF($A107="","",IF(Assumptions!B114="","",Assumptions!B114)) | C107: =IF($A107="","",COUNTIFS('Sales Log'!$A$5:$A$154,">="&$A$3,'Sales Log'!$A$5:$A$154,"<="&$B$3,'Sales Log'!$B$5:$B$154,$A107,'Sales Log'!$D$5:$D$154,"?*")) | D107: =IF($A107="","",IF(B107>0,IFERROR(C107/B107,0),"")) | E107: =IF($A107="","",IF(Assumptions!C114="","",Assumptions!C114)) | F107: =IF($A107="","",COUNTIFS('Sales Log'!$A$5:$A$154,">="&$A$3,'Sales Log'!$A$5:$A$154,"<="&$B$3,'Sales Log'!$B$5:$B$154,$A107,'Sales Log'!$D$5:$D$154,"Quote")) | G107: =IF($A107="","",IF(E107>0,IFERROR(F107/E107,0),"")) | H107: =IF($A107="","",IF(Assumptions!D114="","",Assumptions!D114)) | I107: =IF($A107="","",COUNTIFS('Sales Log'!$A$5:$A$154,">="&$A$3,'Sales Log'!$A$5:$A$154,"<="&$B$3,'Sales Log'!$B$5:$B$154,$A107,'Sales Log'!$D$5:$D$154,"Bound Sale",'Sales Log'!$G$5:$G$154,"Bound")) | J107: =IF($A107="","",IF(H107>0,IFERROR(I107/H107,0),"")) | K107: =IF($A107="","",IF(Assumptions!E114="","",Assumptions!E114)) | L107: =IF($A107="","",IFERROR(SUMIFS('Sales Log'!$H$5:$H$154,'Sales Log'!$A$5:$A$154,">="&$A$3,'Sales Log'!$A$5:$A$154,"<="&$B$3,'Sales Log'!$B$5:$B$154,$A107,'Sales Log'!$D$5:$D$154,"Bound Sale",'Sales Log'!$G$5:$G$154,"Bound"),0)) | M107: =IF($A107="","",IF(K107>0,IFERROR(L107/K107,0),"")) | N107: =IF($A107="","",IF(Assumptions!F114="","",Assumptions!F114)) | O107: =IF($A107="","",IFERROR(SUMIFS('Sales Log'!$I$5:$I$154,'Sales Log'!$A$5:$A$154,">="&$A$3,'Sales Log'!$A$5:$A$154,"<="&$B$3,'Sales Log'!$B$5:$B$154,$A107,'Sales Log'!$D$5:$D$154,"Bound Sale",'Sales Log'!$G$5:$G$154,"Bound"),0)) | P107: =IF($A107="","",IF(N107>0,IFERROR(O107/N107,0),"")) | Q107: =IF($A107="","",IF((IF(B107>0,1,0)+IF(E107>0,1,0)+IF(H107>0,1,0)+IF(K107>0,1,0)+IF(N107>0,1,0))=0,"",IFERROR((IF(B107>0,IF(Assumptions!$B$5>0,MIN(D107,Assumptions!$B$5),D107),0)+IF(E107>0,IF(Assumptions!$B$5>0,MIN(G107,Assumptions!$B$5),G107),0)+IF(H107>0,IF(Assumptions!$B$5>0,MIN(J107,Assumptions!$B$5),J107),0)+IF(K107>0,IF(Assumptions!$B$5>0,MIN(M107,Assumptions!$B$5),M107),0)+IF(N107>0,IF(Assumptions!$B$5>0,MIN(P107,Assumptions!$B$5),P107),0))/(IF(B107>0,1,0)+IF(E107>0,1,0)+IF(H107>0,1,0)+IF(K107>0,1,0)+IF(N107>0,1,0)),"")))

Sheet Sales Log
A1: Insurance Producer Sales Scorecard — Sales Log
A2: Enter one administrative activity per row. Amber cells are editable. Highlighted exceptions require human review; no outside system connection is implied.
A3: Fictional examples only. Written premium and agency revenue are entered administrative amounts, not pricing, payment, coverage, legal, tax, or compliance guidance.
A4: Activity Date | B4: Producer | C4: Account / Prospect | D4: Activity Type | E4: Reference | F4: Line of Business | G4: Status | H4: Written Premium | I4: Agency Revenue | J4: Next Follow-Up | K4: Notes | L4: Period Check
A5: 46248 | B5: Jordan Vale (Fictional) | C5: Blue Lantern Bakery (Fictional) | D5: Outbound Call | E5: FIC-LOG-2026-001 | F5: Businessowners | G5: Follow-Up | J5: 46251 | K5: Fictional introductory activity; review follow-up. | L5: =IF(A5="","",IFERROR(IF(AND(A5>=Assumptions!$B$3,A5<=Assumptions!$B$4),"Included","Outside Period"),"Check Date"))
A6: 46251 | B6: Casey Lumen (Fictional) | C6: Copper Kite Studio (Fictional) | D6: Meeting | E6: FIC-LOG-2026-002 | F6: General Liability | G6: Follow-Up | J6: 46277 | K6: Fictional meeting entry awaiting administrative follow-up. | L6: =IF(A6="","",IFERROR(IF(AND(A6>=Assumptions!$B$3,A6<=Assumptions!$B$4),"Included","Outside Period"),"Check Date"))
A7: 46254 | B7: Jordan Vale (Fictional) | C7: Silver Acorn Market (Fictional) | D7: Quote | E7: FIC-LOG-2026-003 | F7: Commercial Auto | G7: Quoted | J7: 46279 | K7: Fictional quote activity; no coverage recommendation recorded. | L7: =IF(A7="","",IFERROR(IF(AND(A7>=Assumptions!$B$3,A7<=Assumptions!$B$4),"Included","Outside Period"),"Check Date"))
A8: 46257 | B8: Riley Harbor (Fictional) | C8: Moonlit Parcel Works (Fictional) | D8: Quote | E8: FIC-LOG-2026-004 | F8: Workers Compensation | G8: Lost | K8: Fictional closed activity retained for scorecard history. | L8: =IF(A8="","",IFERROR(IF(AND(A8>=Assumptions!$B$3,A8<=Assumptions!$B$4),"Included","Outside Period"),"Check Date"))
A9: 46260 | B9: Jordan Vale (Fictional) | C9: Bright Kettle Florals (Fictional) | D9: Bound Sale | E9: FIC-LOG-2026-005 | F9: Businessowners | G9: Bound | H9: 4200 | I9: 504 | K9: Fictional administrative production entry. | L9: =IF(A9="","",IFERROR(IF(AND(A9>=Assumptions!$B$3,A9<=Assumptions!$B$4),"Included","Outside Period"),"Check Date"))
A10: 46263 | B10: Casey Lumen (Fictional) | C10: Paper Comet Workshop (Fictional) | D10: Bound Sale | E10: FIC-LOG-2026-006 | F10: General Liability | G10: Bound | H10: 6800 | I10: 816 | K10: Fictional administrative production entry. | L10: =IF(A10="","",IFERROR(IF(AND(A10>=Assumptions!$B$3,A10<=Assumptions!$B$4),"Included","Outside Period"),"Check Date"))
A11: 46266 | B11: Taylor Quill (Fictional) | C11: Amber Finch Repair (Fictional) | D11: Outbound Call | E11: FIC-LOG-2026-007 | F11: Commercial Auto | G11: Open | J11: 46280 | K11: Fictional prospecting activity. | L11: =IF(A11="","",IFERROR(IF(AND(A11>=Assumptions!$B$3,A11<=Assumptions!$B$4),"Included","Outside Period"),"Check Date"))
A12: 46269 | B12: Riley Harbor (Fictional) | C12: Velvet Compass Goods (Fictional) | D12: Bound Sale | E12: FIC-LOG-2026-008 | F12: Workers Compensation | G12: Bound | H12: 12500 | I12: 1375 | K12: Fictional administrative production entry. | L12: =IF(A12="","",IFERROR(IF(AND(A12>=Assumptions!$B$3,A12<=Assumptions!$B$4),"Included","Outside Period"),"Check Date"))
A13: 46272 | B13: Drew Solstice (Fictional) | C13: Golden Thimble Café (Fictional) | D13: Quote | E13: FIC-LOG-2026-009 | F13: Businessowners | G13: Quoted | J13: 46282 | K13: Fictional quote activity awaiting a human check. | L13: =IF(A13="","",IFERROR(IF(AND(A13>=Assumptions!$B$3,A13<=Assumptions!$B$4),"Included","Outside Period"),"Check Date"))
A14: 46274 | B14: Taylor Quill (Fictional) | C14: Northstar Button Shop (Fictional) | D14: Bound Sale | E14: FIC-LOG-2026-010 | F14: Businessowners | G14: Bound | H14: 3100 | I14: 372 | K14: Fictional administrative production entry. | L14: =IF(A14="","",IFERROR(IF(AND(A14>=Assumptions!$B$3,A14<=Assumptions!$B$4),"Included","Outside Period"),"Check Date"))
L15: =IF(A15="","",IFERROR(IF(AND(A15>=Assumptions!$B$3,A15<=Assumptions!$B$4),"Included","Outside Period"),"Check Date"))
L16: =IF(A16="","",IFERROR(IF(AND(A16>=Assumptions!$B$3,A16<=Assumptions!$B$4),"Included","Outside Period"),"Check Date"))
L17: =IF(A17="","",IFERROR(IF(AND(A17>=Assumptions!$B$3,A17<=Assumptions!$B$4),"Included","Outside Period"),"Check Date"))
L18: =IF(A18="","",IFERROR(IF(AND(A18>=Assumptions!$B$3,A18<=Assumptions!$B$4),"Included","Outside Period"),"Check Date"))
L19: =IF(A19="","",IFERROR(IF(AND(A19>=Assumptions!$B$3,A19<=Assumptions!$B$4),"Included","Outside Period"),"Check Date"))
L20: =IF(A20="","",IFERROR(IF(AND(A20>=Assumptions!$B$3,A20<=Assumptions!$B$4),"Included","Outside Period"),"Check Date"))
L21: =IF(A21="","",IFERROR(IF(AND(A21>=Assumptions!$B$3,A21<=Assumptions!$B$4),"Included","Outside Period"),"Check Date"))
L22: =IF(A22="","",IFERROR(IF(AND(A22>=Assumptions!$B$3,A22<=Assumptions!$B$4),"Included","Outside Period"),"Check Date"))
L23: =IF(A23="","",IFERROR(IF(AND(A23>=Assumptions!$B$3,A23<=Assumptions!$B$4),"Included","Outside Period"),"Check Date"))
L24: =IF(A24="","",IFERROR(IF(AND(A24>=Assumptions!$B$3,A24<=Assumptions!$B$4),"Included","Outside Period"),"Check Date"))
L25: =IF(A25="","",IFERROR(IF(AND(A25>=Assumptions!$B$3,A25<=Assumptions!$B$4),"Included","Outside Period"),"Check Date"))
L26: =IF(A26="","",IFERROR(IF(AND(A26>=Assumptions!$B$3,A26<=Assumptions!$B$4),"Included","Outside Period"),"Check Date"))
... L154: =IF(A154="","",IFERROR(IF(AND(A154>=Assumptions!$B$3,A154<=Assumptions!$B$4),"Included","Outside Period"),"Check Date"))

Sheet Assumptions
A1: Insurance Producer Sales Scorecard — Assumptions
A2: Edit the reporting period, administrative limits, producer targets, and validation lists. All examples are fictional.
A3: Reporting Start | B3: 46246 | H3: Activity Types | I3: Lines of Business | J3: Statuses
A4: Reporting End | B4: 46275 | H4: Outbound Call | I4: Personal Auto | J4: Open
A5: Score Attainment Cap | B5: 1.5 | H5: Meeting | I5: Homeowners | J5: Follow-Up
A6: Maximum Written Premium per Log Row | B6: 1000000 | H6: Quote | I6: General Liability | J6: Quoted
A7: Maximum Agency Revenue per Log Row | B7: 250000 | H7: Bound Sale | I7: Businessowners | J7: Bound
A8: Earliest Allowed Log Date | B8: 44449 | H8: Referral Request | I8: Workers Compensation | J8: Lost
A9: Latest Allowed Log Date | B9: 46641 | I9: Commercial Auto
A10: Maximum Activity Target | B10: 100000 | I10: Umbrella
A11: Maximum Production Target | B11: 100000000
A14: Producer | B14: Activity Target | C14: Quote Target | D14: Sales Target | E14: Written Premium Target | F14: Agency Revenue Target
A15: Jordan Vale (Fictional) | B15: 6 | C15: 2 | D15: 1 | E15: 5000 | F15: 600
A16: Casey Lumen (Fictional) | B16: 4 | C16: 1 | D16: 1 | E16: 7000 | F16: 850
A17: Riley Harbor (Fictional) | B17: 4 | C17: 2 | D17: 1 | E17: 10000 | F17: 1200
A18: Taylor Quill (Fictional) | B18: 3 | C18: 1 | D18: 1 | E18: 3500 | F18: 425
A19: Drew Solstice (Fictional) | B19: 3 | C19: 2 | D19: 1 | E19: 4500 | F19: 550
